AoeStats
← AxingQuestions

Arabia

503925547Analyzed
4v4 RM · 29d ago on Sep 3, 2026· 60m 1s· 8 players
Game mode
Random Map
Map size
Large (8 player)
Population
200
Speed
Normal
Resources
Standard
Victory
Conquest
Starting age
Dark Age
Ending age
Imperial Age
RankedLock teamsTeams togetherTeam positionsShared explorationLock speedFull tech treeHidden civsTurbo modeCheats
Victory
Defeat
🇩🇪 Wu · Germany
1222
+14
🇵🇪 Maya · Peru
1219
+14
🇲🇽 Poles · Mexico
1206
+14
🇺🇸 Vietnamese · United States
1161
+16
🇵🇪 Ethiopians · Peru
1320
-21
🇲🇽 Magyars · Mexico
1174
-15
🇨🇳 Poles · China
1119
-12
🇨🇱 Mongols · Chile
1063
-10
AxingQuestions
10:35 Feudal Age
11:26 Loom
13:29 Double-Bit Axe
15:58 Castle Age
15:16 Horse Collar
22:19 Husbandry
23:25 Bow Saw
24:08 Scale Barding Armor
25:03 Fletching
25:25 Forging
26:39 Bloodlines
27:53 Wheelbarrow
28:14 Iron Casting
30:18 Hand Cart
32:17 Heavy Plow
32:51 Chain Barding Armor
35:01 Town Watch
40:30 Imperial Age
38:02 Treadmill Crane
39:13 Town Patrol
39:17 Gold Mining
39:17 Stone Mining
39:22 Fletching
39:56 Caravan
41:56 Plate Barding Armor
41:31 Elite Battle Elephant
42:11 Bodkin Arrow
43:12 Paper Money
43:29 Hoardings
43:42 Chatras
44:18 Hoardings
45:38 Bracer
46:19 Crop Rotation
50:46 Stone Shaft Mining
55:39 Light Cavalry
56:25 Murder Holes
60:58 Two-Man Saw
Sacrilegious
0:27 Loom
10:32 Feudal Age
20:30 Double-Bit Axe
21:08 Gold Mining
22:40 Horse Collar
25:47 Castle Age
27:01 Bow Saw
26:54 Husbandry
26:17 Light Cavalry
27:08 Bloodlines
27:06 Scale Barding Armor
27:14 Forging
28:30 Chain Barding Armor
33:38 Heavy Plow
34:27 Iron Casting
33:58 Stone Mining
38:00 Szlachta Privileges
37:59 Fletching
43:49 Imperial Age
41:57 Wheelbarrow
41:07 Town Watch
44:34 Stone Shaft Mining
44:06 Cavalier
46:18 Blast Furnace
46:20 Pikeman
47:01 Squires
46:24 Winged Hussar
47:26 Lechitic Legacy
47:38 Conscription
51:08 Hand Cart
51:57 Hoardings
52:10 Caravan
52:40 Coinage
53:38 Crop Rotation
theblademaster
0:27 Loom
9:14 Feudal Age
10:22 Double-Bit Axe
13:40 Fletching
17:54 Padded Archer Armor
21:33 Wheelbarrow
25:38 Castle Age
23:53 Gold Mining
25:49 Crossbowman
26:34 Bodkin Arrow
27:10 Ballistics
31:14 Horse Collar
32:22 Hand Cart
32:50 Bow Saw
32:42 Heavy Plow
33:00 Pikeman
36:36 Town Watch
42:26 Imperial Age
41:04 Squires
41:09 Scale Mail Armor
42:30 Arbalester
43:16 Bracer
43:36 Chain Mail Armor
44:35 Chemistry
43:42 Caravan
43:42 Stone Mining
44:05 Thumb Ring
43:27 Halberdier
45:24 Plate Mail Armor
45:06 Forging
45:09 Eagle Warrior
48:16 Elite Eagle Warrior
53:22 Holcans
53:30 Iron Casting
55:16 Blast Furnace
57:01 Conscription
57:20 Hoardings
57:50 Two-Man Saw
57:19 Arson
58:28 Leather Archer Armor
Gaflo
7:03 Loom
9:31 Feudal Age
9:58 Double-Bit Axe
10:34 Man-at-Arms
12:05 Horse Collar
13:11 Horse Collar
17:18 Fletching
20:12 Wheelbarrow
20:04 Padded Archer Armor
23:56 Castle Age
22:01 Gold Mining
23:49 Scale Mail Armor
23:59 Crossbowman
25:31 Gold Shaft Mining
25:10 Bodkin Arrow
27:15 Leather Archer Armor
32:30 Hand Cart
34:49 Ballistics
34:53 Chain Mail Armor
37:00 Squires
37:58 Stone Mining
42:07 Forging
45:15 Imperial Age
45:26 Imperial Age
43:25 Murder Holes
43:42 Masonry
46:14 Bracer
47:58 Caravan
50:12 Chemistry
50:04 Bow Saw
49:59 Heavy Plow
52:58 Two-Man Saw
53:02 Conscription
55:13 Plate Mail Armor
56:23 Plate Mail Armor
55:16 Pikeman
56:00 Elite Fire Archer
57:41 Arbalester
57:46 Halberdier
59:11 Sitting Tiger
60:27 Iron Casting
EXILS_ANDRENUS
10:33 Feudal Age
11:57 Loom
24:41 Bloodlines
26:51 Castle Age
29:13 Double-Bit Axe
29:11 Horse Collar
30:21 Scale Barding Armor
30:49 Forging
34:14 Heavy Plow
35:53 Chain Barding Armor
35:50 Husbandry
37:02 Light Cavalry
40:01 Iron Casting
39:40 Szlachta Privileges
43:41 Iron Casting
43:36 Bow Saw
45:14 Gold Mining
48:27 Imperial Age
48:01 Wheelbarrow
48:31 Cavalier
52:17 Pikeman
55:45 Blast Furnace
56:00 Winged Hussar
AG_Granadictos24
7:15 Loom
9:50 Feudal Age
10:59 Double-Bit Axe
14:48 Fletching
15:41 Padded Archer Armor
23:41 Castle Age
26:09 Crossbowman
27:29 Gold Mining
30:12 Horse Collar
33:21 Thumb Ring
33:42 Elite Skirmisher
37:01 Wheelbarrow
37:16 Ballistics
40:35 Leather Archer Armor
40:16 Bodkin Arrow
40:35 Town Watch
42:49 Hand Cart
47:26 Pikeman
48:07 Squires
ZeRobertoD
6:58 Loom
10:26 Feudal Age
15:25 Fletching
19:14 Padded Archer Armor
28:23 Castle Age
27:03 Gold Mining
28:34 Crossbowman
30:13 Bodkin Arrow
30:50 Ballistics
32:09 Thumb Ring
32:43 Leather Archer Armor
33:51 Wheelbarrow
43:34 Forging
43:25 Scale Mail Armor
43:57 Murder Holes
58:14 Imperial Age
56:15 Chain Mail Armor
56:47 Hand Cart
56:18 Town Watch
59:40 Bracer
DSLG | Maxteel97
6:23 Loom
8:58 Feudal Age
9:36 Double-Bit Axe
20:57 Castle Age
19:27 Gold Mining
19:30 Horse Collar
20:20 Scale Barding Armor
22:32 Wheelbarrow
22:18 Bloodlines
25:01 Chain Barding Armor
25:46 Husbandry
32:10 Gold Shaft Mining
34:52 Heavy Plow
36:18 Town Watch
39:12 Imperial Age
37:40 Stone Mining
39:17 Cavalier
41:02 Plate Barding Armor
41:13 Crop Rotation
41:30 Corvinian Army
42:57 Light Cavalry
49:22 Paladin
51:53 Hussar
53:09 Hand Cart
Connection lost

Rejoining the realm…

Still unreachable

The connection could not be restored.

Session expired

The server has moved on; the page needs a fresh start.